Map: 디스코 블러드배스 - 래더

Players

GOReynor (Reynor) - Winner!

  • Race: Zerg Zerg
  • League: Master
  • Spawn Location: 9:00

Cure

  • Race: Terran Terran
  • League: Master
  • Spawn Location: 3:00

Event: HomeStory Cup XX

VOD

Have the link to the VOD?

Description

Time

  • Played on: Nov. 23, 2019, 12:45 p.m.
  • Length: 26:23

All games in this series

Show
View Real Time Build Order
Export as new Build Order

GOReynor Zerg - Winner!

Build Orders: Hatch First, Lurkers 

Get SALT Encoding   

  12  0:00  Drone  
  13  0:12  Overlord  
  13  0:16  Drone  
  14  0:30  Drone x2  
  16  0:47  Hatchery  
  15  0:50  Drone  
  15  0:54  Drone  
  17  0:57  Drone  
  18  1:08  Extractor  
  17  1:13  Spawning Pool  
  17  1:15  Drone  
  17  1:19  Drone  
  18  1:27  Drone  
  19  1:38  Drone  
  20  1:48  Overlord  
  20  1:59  Queen x2  
  20  2:00  Zergling x4  
  26  2:10  Drone x2  
  28  2:20  Drone  
  28  2:21  Drone  
  30  2:28  Hatchery  
  29  2:31  Drone  
  29  2:33  Drone  
  30  2:40  Metabolic Boost  
  30  2:46  Queen  
  32  2:51  Overlord  
  32  2:53  Drone  
  32  2:55  Drone  
  32  2:57  Drone  
  35  3:11  Drone x3  
  35  3:12  Overlord  
  38  3:13  Drone  
  38  3:18  Drone  
  38  3:19  Queen  
  40  3:21  Drone  
  40  3:27  Drone  
  44  3:30  Queen  
  44  3:31  Drone  
  47  3:38  Zergling x2  
  48  3:42  Drone x4  
  48  3:44  Queen  
  48  3:46  Drone  
  55  3:49  Overlord  
  55  3:51  Zergling x2  
  56  3:57  Roach Warren  
  56  3:59  Drone  
  56  4:03  Drone x2  
  56  4:07  Zergling x4  
  56  4:08  Zergling x2  
  56  4:09  Zergling x2  
  62  4:12  Drone  
  63  4:18  Drone x2  
  63  4:20  Overlord  
  65  4:27  Overlord  
  65  4:36  Extractor x2, Roach  
  65  4:39  Roach x4  
  65  4:41  Overlord  
  73  4:46  Roach x2  
  73  4:47  Drone x4  
  73  4:50  Drone  
  73  4:51  Overlord  
  82  4:59  Queen, Overlord  
  86  5:01  Drone x5  
  86  5:03  Spore Crawler  
  86  5:04  Queen  
  86  5:06  Overlord  
  90  5:10  Zergling x4  
  92  5:17  Spore Crawler, Drone x4  
  92  5:20  Lair  
  95  5:25  Overlord  
  95  5:30  Drone x3  
  95  5:31  Overlord  
  95  5:34  Drone x4  
  102  5:36  Overlord  
  102  5:41  Drone  
  102  5:42  Evolution Chamber  
  102  5:43  Evolution Chamber  
  102  5:45  Extractor  
  102  5:46  Drone x3  
  102  5:47  Overlord  
  103  5:54  Queen  
  105  6:03  Zergling x4  
  107  6:04  Drone x3  
  107  6:05  Drone  
  107  6:08  Overlord  
  107  6:10  Hatchery  
  110  6:13  Overlord  
  110  6:18  Extractor  
  110  6:20  Extractor  
  110  6:25  Drone x8  
  110  6:27  Drone  
  110  6:30  Drone  
  110  6:32  Glial Reconstitution, Zerg Missile Weapons Level 1, Zerg Ground Armor Level 1  
  111  6:33  Hydralisk Den  
  111  6:35  Drone  
  111  6:38  Spore Crawler  
  111  6:39  Spore Crawler  
  109  6:45  Overlord  
  109  6:52  Drone  
  109  6:53  Infestation Pit, Drone x4  
  109  6:54  Overlord, Pneumatized Carapace  
  113  6:58  Spore Crawler, Drone  
  113  6:59  Drone  
  114  7:03  Muscular Augments  
  114  7:04  Hydralisk x3  
  114  7:07  Overlord  
  118  7:09  Hydralisk  
  118  7:14  Hydralisk  
  122  7:23  Hydralisk x3  
  122  7:25  Drone  
  122  7:26  Drone x3  
  132  7:30  Lurker Den  
  132  7:31  Hive  
  132  7:34  Drone  
  132  7:35  Extractor, Drone x3  
  132  7:37  Extractor  
  131  7:46  Drone x3  
  131  7:47  Drone x2  
  131  7:48  Spore Crawler  
  131  7:51  Hydralisk x3  
  135  7:58  Hydralisk x3  
  141  8:01  Queen  
  149  8:08  Drone x4  
  153  8:15  Hydralisk x3  
  153  8:17  Spore Crawler  
  153  8:18  Hatchery  
  157  8:20  Overlord  
  157  8:26  Grooved Spines, Hydralisk x2  
  157  8:28  Drone x3  
  157  8:29  Spore Crawler  
  157  8:32  Zerg Missile Weapons Level 2  
  163  8:35  Zerg Ground Armor Level 2  
  163  8:36  Seismic Spines  
  163  8:42  Viper x2  
  169  8:53  Drone x7  
  169  8:54  Drone x3  
  179  9:02  Viper  
  182  9:04  Overlord  
  182  9:06  Drone x2  
  182  9:08  Overlord  
  184  9:13  Spore Crawler, Spine Crawler  
  184  9:14  Extractor  
  184  9:16  Spine Crawler  
  184  9:17  Overlord  
  180  9:18  Extractor, Lurker x4  
  180  9:22  Burrow  
  181  9:30  Overlord  
  181  9:35  Lurker, Hydralisk x4  
  181  9:38  Overlord  
  189  9:44  Drone  
  190  9:48  Queen  
  190  9:49  Spore Crawler  
  190  9:52  Drone x2  
  193  9:57  Hydralisk x3  
  199  10:07  Hatchery  
  198  10:17  Spore Crawler  
  198  10:18  Adaptive Talons  
  198  10:19  Viper  
  200  10:34  Hydralisk x5  
  199  10:49  Overlord  
  193  11:01  Hydralisk x4  
  200  11:05  Overlord x2  
  200  11:09  Overlord  
  193  11:20  Viper x2  
  197  11:36  Lurker x3  
  197  11:37  Lurker  
  199  11:43  Zerg Ground Armor Level 3, Zerg Missile Weapons Level 3  
  199  11:53  Hatchery  
  198  11:59  Hydralisk x2  
  199  12:04  Hydralisk x2  
  199  12:05  Zergling x6  
  196  12:15  Lurker x3  
  199  12:19  Overseer x3  
  199  12:28  Hydralisk x2  
  190  12:39  Lurker x5  
  195  12:46  Hydralisk x2  
  198  13:12  Hydralisk x3  
  194  13:14  Extractor  
  194  13:16  Extractor  
  194  13:18  Hydralisk x4  
  194  13:21  Hydralisk x9  
  199  13:38  Hydralisk  
  199  13:39  Zergling x8  
  199  13:46  Spine Crawler  
  199  13:47  Spine Crawler  
  199  13:48  Spine Crawler  
  196  13:49  Spore Crawler  
  193  13:56  Viper x2  
  189  14:15  Hydralisk x15  
  189  14:16  Hydralisk  
  198  14:23  Zergling x38  
  197  14:32  Hydralisk  
  199  14:39  Zerg Melee Weapons Level 1  
  199  14:44  Hydralisk  
  198  15:01  Lurker  
  198  15:06  Hatchery  
  188  15:08  Adrenal Glands  
  188  15:12  Zergling x36  
  199  15:20  Hydralisk  
  199  15:27  Lurker  
  198  15:34  Hatchery  
  192  15:49  Hydralisk x8  
  185  15:59  Hydralisk x8  
  190  16:13  Viper x3  
  183  16:19  Hydralisk x8  
  196  16:29  Evolution Chamber  
  196  16:32  Evolution Chamber x2  
  193  16:33  Evolution Chamber x2  
  193  16:34  Evolution Chamber  
  193  16:35  Drone x3  
  193  16:36  Drone x3  
  193  16:37  Evolution Chamber  
  195  16:42  Lurker x3  
  198  16:48  Extractor  
  198  16:52  Extractor  
  196  17:03  Lurker x3  
  199  17:29  Spire  
  198  17:30  Spire  
  193  18:11  Hydralisk x4  
  190  18:27  Hydralisk x3  
  190  18:28  Hydralisk  
  184  18:36  Hydralisk x9  
  199  18:52  Extractor x2  
  194  18:57  Hydralisk x2  
  198  19:04  Zerg Flyer Weapons Level 1  
  198  19:05  Zerg Flyer Armor Level 1  
  198  19:14  Lurker  
  199  19:25  Overseer x4  
  178  19:32  Hydralisk x12  
  195  19:38  Spore Crawler  
  195  19:39  Lurker x5  
  199  19:57  Spore Crawler, Drone  
  199  19:58  Spore Crawler  
  191  20:09  Lurker x2  
  191  20:10  Lurker  
  191  20:14  Lurker x5  
  197  20:15  Hydralisk x15  
  199  20:27  Lurker x3  
  199  20:28  Lurker x2  
  199  20:40  Hydralisk x2  
  180  20:52  Hydralisk x18  
  180  20:53  Zergling x20  
  180  20:54  Viper x6  
  180  20:55  Hydralisk x2  
  196  20:58  Hydralisk x4  
  196  21:02  Hydralisk x3  
  198  21:09  Zerg Flyer Weapons Level 2, Greater Spire  
  198  21:13  Hydralisk  
  198  21:16  Overseer  
  200  21:30  Hatchery  
  197  21:45  Hydralisk x3  
  194  22:01  Hydralisk  
  194  22:02  Hydralisk x2  
  195  22:18  Zergling x2, Hydralisk x2  
  200  22:29  Extractor  
  199  22:35  Lurker  
  199  22:36  Lurker x3  
  200  22:37  Extractor  
  199  22:57  Hydralisk x6  
  199  22:58  Hydralisk x3  
  199  23:00  Viper x5  
  199  23:03  Viper x3  
  190  23:05  Hydralisk  
  190  23:06  Zergling x12  
  190  23:07  Zergling x6  
  190  23:12  Hydralisk  
  199  23:16  Zerg Flyer Armor Level 2  
  196  23:24  Lurker  
  196  23:25  Lurker x3  
  196  23:27  Overseer x2  
  200  23:32  Nydus Network  
  200  23:33  Nydus Network  
  197  23:44  Hatchery  
  197  23:48  Lurker  
  197  23:50  Lurker x3  
  200  24:00  Hydralisk x5  
  192  24:19  Hydralisk x4  
  192  24:20  Hydralisk  
  192  24:22  Overlord x2  
  192  24:23  Overlord  
  189  24:32  Nydus Canal x2  
  189  24:33  Hydralisk  
  189  24:35  Overlord x3  
  191  24:41  Lurker x3  
  194  24:46  Drone x2  
  194  24:51  Hydralisk x3  
  200  24:54  Nydus Canal  
  178  25:10  Hydralisk  
  178  25:11  Hydralisk x17  
  178  25:13  Zergling x6  
  200  25:17  Hydralisk  
  200  25:18  Hydralisk x8  
  200  25:19  Zergling x6  
  200  25:20  Zergling x8  
  195  25:33  Hydralisk  
  195  25:34  Zergling x32  
  200  25:38  Nydus Canal x2  
  200  25:42  Lurker x3  
  200  25:51  Extractor  
  200  25:54  Nydus Canal x2, Extractor  
  195  25:57  Lurker x2  
  195  25:58  Lurker x2  
  195  26:02  Lurker  
  200  26:10  Spine Crawler x2  
  194  26:13  Spore Crawler  
Show
View Real Time Build Order
Export as new Build Order

Cure Terran 

Build Orders: Reaper Expand, Mech 

Get SALT Encoding   

  12  0:00  SCV  
  13  0:12  SCV  
  14  0:17  Supply Depot  
  14  0:24  SCV  
  15  0:38  SCV  
  15  0:40  Barracks  
  16  0:42  Refinery  
  16  0:50  SCV  
  17  1:02  SCV  
  18  1:14  SCV  
  19  1:26  Reaper  
  19  1:27  Orbital Command  
  20  1:38  Command Center  
  20  1:46  Supply Depot  
  20  1:52  SCV  
  21  1:58  Marine  
  22  2:04  SCV  
  23  2:10  Factory  
  23  2:16  SCV  
  23  2:19  Barracks Reactor  
  24  2:28  SCV  
  25  2:40  SCV  
  26  2:44  Command Center  
  26  2:49  Orbital Command  
  26  2:53  SCV  
  26  2:54  Refinery  
  27  2:59  Starport  
  27  3:05  SCV  
  28  3:08  Marine  
  29  3:16  SCV  
  29  3:18  Hellion x2  
  34  3:23  SCV  
  35  3:28  Refinery, SCV  
  36  3:38  SCV  
  36  3:40  SCV  
  40  3:43  Fusion Core  
  38  3:49  Viking  
  38  3:50  Refinery, SCV  
  38  3:52  SCV  
  42  3:56  Orbital Command  
  42  4:02  Barracks Tech Lab, SCV  
  43  4:03  Hellion  
  43  4:04  SCV  
  43  4:06  Hellion  
  48  4:14  SCV  
  48  4:16  SCV  
  50  4:20  Supply Depot  
  50  4:21  Orbital Command  
  50  4:26  SCV  
  50  4:29  SCV  
  51  4:33  Battlecruiser  
  57  4:38  SCV  
  57  4:39  Supply Depot  
  57  4:41  SCV  
  57  4:43  Weapon Refit  
  59  4:47  SCV  
  59  4:50  SCV  
  61  4:53  Hellion x2, SCV  
  61  4:56  Supply Depot  
  61  4:59  SCV  
  67  5:01  Supply Depot  
  67  5:03  SCV  
  67  5:05  SCV  
  69  5:13  SCV  
  70  5:14  Factory  
  70  5:15  Factory, Orbital Command, SCV  
  70  5:17  SCV  
  70  5:20  Supply Depot  
  72  5:22  Hellion  
  72  5:23  Hellion  
  76  5:33  SCV x2  
  79  5:37  Battlecruiser  
  79  5:41  SCV  
  85  5:45  SCV  
  85  5:46  SCV  
  87  5:55  SCV  
  87  5:56  Refinery, Armory x2  
  88  5:58  Refinery, SCV  
  88  5:59  Factory Tech Lab x2  
  88  6:02  SCV  
  90  6:07  SCV  
  90  6:09  Supply Depot  
  90  6:10  SCV  
  90  6:11  Supply Depot  
  90  6:15  SCV  
  91  6:19  SCV  
  91  6:21  Siege Tank x2  
  91  6:22  SCV  
  91  6:23  Hellion  
  101  6:26  Hellion  
  101  6:28  SCV  
  101  6:31  SCV  
  95  6:34  SCV  
  95  6:36  Supply Depot  
  96  6:41  Battlecruiser  
  96  6:43  SCV  
  96  6:44  SCV  
  96  6:46  SCV  
  105  6:53  Siege Tank x2  
  111  6:56  Hellion  
  111  6:58  Hellion  
  111  7:00  Command Center  
  115  7:02  Engineering Bay  
  115  7:07  SCV x3  
  118  7:15  Terran Vehicle And Ship Armor Level 1, Terran Vehicle Weapons Level 1  
  118  7:18  Hellion  
  118  7:20  Factory  
  120  7:23  SCV x3  
  120  7:24  Factory  
  120  7:28  Supply Depot x2  
  123  7:34  Supply Depot  
  123  7:35  Hellion, Supply Depot  
  125  7:49  Siege Tank, SCV x3  
  125  7:50  Hellion, Siege Tank  
  136  7:52  Orbital Command  
  136  7:53  Orbital Command x2, Missile Turret  
  136  7:55  Supply Depot  
  136  8:00  Hellion  
  138  8:11  Hellion  
  138  8:18  Factory Tech Lab, Factory Reactor  
  138  8:19  SCV x2  
  141  8:20  SCV  
  141  8:28  Hellion, Siege Tank x2  
  141  8:31  SCV x2  
  141  8:32  Hellion  
  141  8:33  Planetary Fortress  
  153  8:35  SCV  
  153  8:40  Factory  
  154  8:41  Factory  
  154  8:42  Refinery x2, Factory  
  154  8:43  SCV  
  154  8:44  SCV  
  156  8:50  Supply Depot  
  156  8:58  Thor  
  156  9:02  Command Center  
  162  9:04  Thor  
  162  9:06  Thor  
  162  9:07  Hellion  
  176  9:10  Infernal Pre-Igniter  
  172  9:28  Factory Tech Lab, Factory Reactor  
  172  9:35  Thor  
  172  9:36  Terran Vehicle Weapons Level 2  
  178  9:40  Terran Vehicle And Ship Armor Level 2  
  178  9:42  Hellion  
  178  9:44  Hellion x2  
  184  9:55  Command Center  
  184  9:58  Smart Servos  
  184  9:59  Starport Reactor, Command Center  
  184  10:06  Thor  
  188  10:14  Hellion, Sensor Tower, Thor  
  196  10:26  Thor  
  200  10:32  Hellion, Siege Tank  
  200  10:40  Orbital Command  
  200  10:42  Refinery, Planetary Fortress  
  199  10:43  Command Center  
  199  10:45  Refinery, Command Center  
  190  10:59  Supply Depot  
  182  11:05  Supply Depot  
  182  11:06  Supply Depot  
  182  11:07  Hellion x2  
  182  11:08  Supply Depot  
  182  11:10  Siege Tank, Thor  
  195  11:14  Thor  
  195  11:16  SCV x4  
  198  11:19  Siege Tank  
  198  11:20  Hellion  
  197  11:26  Siege Tank  
  200  11:38  Hellion  
  200  11:39  Hellion x2  
  200  11:41  Orbital Command  
  200  11:44  Orbital Command  
  200  11:47  Hellion  
  200  11:51  Refinery  
  200  11:52  Engineering Bay  
  198  11:55  Hellion  
  194  12:09  Terran Vehicle And Ship Armor Level 3, Terran Vehicle Weapons Level 3  
  194  12:12  Siege Tank  
  194  12:13  Siege Tank  
  200  12:20  Command Center  
  200  12:22  Liberator  
  200  12:23  Liberator  
  198  12:36  Siege Tank x3  
  180  12:37  Hellion x4  
  180  12:41  Command Center  
  180  12:43  Advanced Ballistics  
  190  12:44  Starport  
  193  12:51  Siege Tank x2  
  193  12:52  Hellion x2  
  193  12:55  SCV  
  194  13:13  SCV x3  
  194  13:14  SCV x3  
  194  13:17  Siege Tank  
  199  13:22  SCV  
  199  13:25  SCV x3  
  200  13:31  Starport Reactor  
  200  13:33  Orbital Command  
  200  13:37  Liberator x2  
  200  13:39  Siege Tank  
  187  13:41  Siege Tank  
  187  13:42  Hellion x2, Siege Tank x2  
  197  13:56  Command Center  
  197  13:57  Liberator  
  197  13:58  Command Center, Siege Tank  
  175  14:11  Siege Tank  
  175  14:14  Siege Tank  
  161  14:17  Refinery  
  161  14:20  Refinery, Liberator  
  161  14:21  Hellion, Siege Tank  
  148  14:27  Siege Tank  
  148  14:31  Command Center  
  142  14:35  Liberator x2  
  145  14:40  Liberator  
  139  14:46  Terran Ship Weapons Level 1  
  139  14:47  Hellion x3, Siege Tank x3  
  162  15:03  Missile Turret x2  
  162  15:04  Hellion, Missile Turret x2  
  143  15:22  Thor  
  143  15:23  Hellion x2, Siege Tank  
  143  15:24  Liberator  
  143  15:27  SCV x2  
  152  15:34  Orbital Command  
  147  15:36  SCV x3  
  147  15:39  Orbital Command  
  153  15:45  Siege Tank  
  147  15:53  Hellion, Siege Tank x2  
  146  15:58  Siege Tank  
  146  15:59  Hellion  
  145  16:07  Siege Tank  
  145  16:08  Hellion x2  
  152  16:17  Siege Tank  
  140  16:20  Hellion  
  140  16:22  SCV x2  
  140  16:23  SCV x5  
  140  16:25  Siege Tank x2, SCV  
  156  16:40  Liberator x2  
  156  16:41  Liberator, Engineering Bay  
  156  16:42  Thor  
  156  16:43  Siege Tank  
  165  16:49  Liberator  
  171  17:09  Thor  
  175  17:20  Sensor Tower  
  169  17:23  Liberator x3  
  169  17:29  Missile Turret  
  169  17:31  Missile Turret, Thor  
  175  17:39  Missile Turret  
  175  17:41  Sensor Tower  
  184  17:45  Refinery, Missile Turret  
  184  17:55  Thor  
  167  18:01  Thor  
  167  18:02  Hellion x2  
  167  18:07  Hellion x3  
  166  18:19  Thor  
  172  18:20  Hellion x2  
  169  18:32  Engineering Bay  
  162  18:35  Thor  
  168  18:43  Hellion x2, Siege Tank  
  168  18:45  Hellion x3  
  168  18:46  Hellion x2  
  185  19:04  Missile Turret  
  185  19:05  Refinery, Hellion, Siege Tank, Missile Turret, Thor  
  196  19:14  Liberator  
  196  19:16  Hellion x7, Siege Tank  
  188  19:36  Hellion x2, Siege Tank  
  194  19:46  Missile Turret  
  194  19:47  Thor  
  194  19:49  Missile Turret  
  182  20:09  Hellion, Liberator, Siege Tank, Thor  
  182  20:10  Hellion  
  195  20:24  Hellion, Siege Tank  
  198  20:28  Hellion x2  
  198  20:32  Hellion  
  194  20:51  Missile Turret, Siege Tank, Thor  
  194  20:52  Hellion  
  194  20:56  Missile Turret  
  187  21:00  Hellion x2, Siege Tank  
  187  21:01  Orbital Command  
  185  21:06  Hellion x2, Siege Tank  
  185  21:08  Command Center  
  192  21:11  Command Center  
  192  21:14  SCV x4  
  192  21:15  SCV  
  192  21:16  SCV x2  
  199  21:26  Refinery x2  
  199  21:34  Terran Ship Weapons Level 2  
  187  21:49  Siege Tank x2  
  187  21:50  Hellion x2, Siege Tank  
  197  22:02  Missile Turret  
  197  22:06  Hellion  
  185  22:15  Siege Tank x2  
  185  22:16  Hellion  
  177  22:26  Hellion x7  
  174  22:32  Hellion  
  173  22:41  Hellion  
  161  23:00  Hellion, Siege Tank  
  161  23:05  Hellion  
  151  23:27  Sensor Tower  
  151  23:39  Orbital Command  
  153  23:53  Planetary Fortress  
  151  23:58  Hellion x2  
  155  24:13  Missile Turret, Thor  
  155  24:16  Missile Turret  
  161  24:19  Hellion, Siege Tank  
  161  24:20  Hellion  
  150  24:27  Siege Tank  
  150  24:28  Hellion x2  
  152  24:37  Refinery  
  152  24:40  Hellion  
  152  24:43  Hellion x2  
  157  24:55  Hellion x2  
  155  25:01  Hellion, Siege Tank x2  
  155  25:02  Hellion  
  155  25:03  Hellion x2  
  155  25:05  Hellion x2  
  127  25:17  Hellion x2  
  125  25:23  Hellion x2  
  125  25:24  Siege Tank  
  125  25:25  Hellion  
  131  25:33  Hellion x2, Siege Tank  
  131  25:34  Hellion  
  128  25:38  Hellion x2  
  127  25:44  Hellion  
  129  25:54  Hellion  
  129  25:55  Hellion x2  
Tags
 
Add a new tag
Caveats
  • Supply blocks, unpowered buildings, or Contaminate may cause inaccurate times.
  • Supply counts are checked every 10 seconds.